 Dungeon Sprint DCSS version 0.26-a0-651-gb41185065b (webtiles) character file.

Game seed: 9000238615759561999

16 tsouns the Slasher (level 2, -3/28 HPs)
             Began as a Palentonga Berserker on Oct 25, 2020.
             Was a Priest of Trog.
             Slain by a phantom (9 damage)
             ... in the Dungeon (Sprint IX: "|||||||||||||||||||||||||||||").
             The game lasted 00:00:37 (163 turns).

tsouns the Slasher (Palentonga Berserker)            Turns: 163, Time: 00:00:38

Health: -3/28      AC:  4    Str: 20    XL:     2   Next: 41%
Magic:  2/2        EV: 10    Int:  7    God:    Trog [***...]
Gold:   0          SH:  0    Dex:  9    Spells: 1/1 levels left

rFire    . . .     SeeInvis +   a - +0 falchion
rCold    . . .     Faith    .   (no shield)
rNeg     . . .     Spirit   .   b - +0 animal skin
rPois    .         Reflect  .   (no helmet)
rElec    .         Harm     .   (no cloak)
rCorr    .         Rampage  .   (no gloves)
MR       .....     NoTele   +   (no barding)
Stlth    +.........             (no amulet)
HPRegen  0.09/turn              (no ring)
MPRegen  0.08/turn              (no ring)

@: berserk cooldown, slowed, very slow
A: large, rugged brown scales 3, see invisible, deformed body, roll, armoured
tail
a: Rolling Charge, Berserk, Trog's Hand, Renounce Religion


You were in the Dungeon.
You worshipped Trog.
Trog was most pleased with you.
You visited 1 branch

Inventory:

Hand Weapons
 a - a +0 falchion (weapon)
Armour
 b - a +0 animal skin (worn)
Scrolls
 h - a scroll of blinking
Potions
 c - a potion of curing
 d - a potion of heal wounds
 e - a potion of haste
 f - 2 potions of magic
 g - a potion of berserk rage


   Skills:
 + Level 4.1 Fighting
 * Level 5.1 Long Blades
 - Level 1.5 Armour
 - Level 1.5 Dodging


You had one spell level left.
You didn't know any spells.
Your spell library was empty.

Dungeon Overview and Level Annotations

Branches:
Dungeon (1/1)

Altars:


Innate Abilities, Weirdness & Mutations

You are completely covered in rugged brown scales. (AC +3, +7% HP)
You have supernaturally acute eyesight. (SInv)
Armour fits poorly on your strangely shaped body.
You can roll at foes to attack.
You have a long armoured tail.


Message History

There is an open door here.
You see here a leopard gecko corpse.
You aren't carrying any items that you can evoke.
As you close the door, pushing everything out of the way, it creaks loudly!
You see here a leopard gecko corpse.
You start resting.
A phantom opens the door.
You close the door.
A phantom opens the door.
There's a creature in the doorway!
You barely miss the phantom. The phantom barely misses you.
You riposte.
You hit the phantom.
Your tail-slap misses the phantom.
The phantom is lightly damaged.
You hit the phantom. You tail-slap the phantom.
The phantom is lightly damaged.
The phantom hits you!
* * * LOW HITPOINT WARNING * * *
The phantom blinks!
The phantom hits you.
* * * LOW HITPOINT WARNING * * *
The phantom hits you!
You die...

▓.▓
▓.▓
▓)▓
▓)▓
▓)▓
▓.▓
▓.▓
▓.▓
▓@▓
▓W▓
▓.▓
▓.▓
▓.▓
▓.▓
▓+▓


You could see a phantom.

Vanquished Creatures
  An ufetubus (D)
  2 leopard geckos (D)
  2 goblins (D)
  2 hobgoblins (D)
  A jackal skeleton (D)
  A kobold (D)
9 creatures vanquished.

Notes
Turn   | Place    | Note
-------+----------+-------------------------------------------
     0 | D        | tsouns the Palentonga Berserker began the quest for the
                  | Orb.
     0 | D        | Reached XP level 1. HP: 20/20 MP: 1/1
     7 | D        | Reached ** piety under Trog
     7 | D        | Reached skill level 4 in Long Blades
   137 | D        | Noticed a phantom
   140 | D        | Reached XP level 2. HP: 28/28 MP: 2/2
   145 | D        | Reached *** piety under Trog
   150 | D        | Reached skill level 5 in Long Blades
   163 | D        | Slain by a phantom

Illustrated notes

Levels and vault maps discovered:
D:        linesprint [early_d, line_temple, items_1, d_10, items_2, lair_1,
          lair_end, items_3, orc_1, orc_end, items_4, d_15, swamp_1, shoals_1,
          snake_1, spider_1, d_20, vaults_1, items_5, swamp_end, shoals_end,
          snake_end, spider_end, vaults_end, d_27, items_6, zot_1, zot_end,
          crypt_end, forest_end, elf_end, slime_end, tomb_end, abyss_end,
          pan_hell_end]

Skill      XL: |  1  2 |
---------------+-------+-----
Long Blades    | 4 5 |  5.1
Fighting       | 4 |  4.1
Armour         | |  1.5
Dodging        | |  1.5

Action                   || total
-------------------------++-------
Melee: Falchion          ||    22
       Tailslap          ||     2
Invok: Berserk           ||     1
Armor: Animal skin       ||     3
Dodge: Dodged            ||    12
       Rpst.: Falchion   ||     5

Table legend: (Time is in decaauts)
 A = Elapsed time spent in this place.
 B = Non-inter-level travel time spent in this place.
 C = Inter-level travel time spent in this place.
 D = Time resting spent in this place.
 E = Time spent auto-exploring this place.
 F = Levels seen in this place.
 G = Mean time per level.
                   A        B        C        D        E       F      G
               +--------+--------+--------+--------+--------+-----+--------+
         Total |    164 |    164 |      0 |    119 |      0 |   1 |  164.0 |
       Dungeon |    164 |    164 |      0 |    119 |      0 |   1 |  164.0 |
               +--------+--------+--------+--------+--------+-----+--------+

Top non-repeatable levels by time:
       D: 164 daAuts
